 Dungeon Crawl Stone Soup version 0.16-a0-4020-g6ff35b5 (console) character file.

21 mudo the Insei (level 2, 0/20 HPs)
             Began as a Vampire Transmuter on Feb 17, 2015.
             Slain by a goblin
             ... wielding a +0 club
              (5 damage)
             ... on level 1 of the Dungeon.
             The game lasted 00:10:28 (798 turns).

mudo the Insei (Vampire Transmuter)                  Turns: 798, Time: 00:10:28

Health: 0/20       AC:  2    Str:  9    XL:     2   Next: 62%
Magic:  4/4        EV: 12    Int: 15    God:
Gold:   23         SH:  0    Dex: 14    Spells: 1 memorised, 4 levels left

rFire  . . .     SeeInvis +       - Unarmed
rCold  . . .     Clarity  .     c - +0 robe
rNeg   . . .     SustAb   .     (no shield)
rPois  .         Gourm    .     (no helmet)
rElec  .         Spirit   .     (no cloak)
rCorr  .         Warding  .     (no gloves)
rMut   .         Stasis   .     (no boots)
MR     .....                    (no amulet)
Stlth  +.........               (no ring)
                                (no ring)

@: regenerating quickly, not resistant to hostile enchantments, very unstealthy
A: bottle blood, fangs 3, see invisible, unbreathing
a: no special abilities


You were on level 1 of the Dungeon.
You were full.

You visited 1 branch of the dungeon, and saw 1 of its levels.

You collected 23 gold pieces.


   Skills:
 - Level 0.8 Fighting
 - Level 2.1 Dodging
 + Level 4.3 Unarmed Combat
 - Level 2.0 Spellcasting
 - Level 2.1 Transmutations


You had 4 spell levels left.
You knew the following spells:

 Your Spells              Type           Power        Failure   Level  Hunger
a - Beastly Appendage     Trmt           #.....       12%         1    #......


Dungeon Overview and Level Annotations

Branches:
Dungeon (1/15)

Altars:


Innate Abilities, Weirdness & Mutations

Your natural rate of healing is unusually fast.
You can bottle blood from corpses.
You have razor-sharp teeth.
You have supernaturally acute eyesight.
You can survive without breathing.

Inventory:

Missiles
 b - 12 arrows
 e - 37 stones (quivered)
Armour
 c - a +0 robe (worn)
Scrolls
 f - a scroll of enchant armour {unknown}
 g - a scroll of identify {unknown}
Potions
 a - a potion of blood {@*1}
 h - a potion of cancellation {unknown}
Books
 d - a book of Changes

   Spells                             Type                      Level
   a - Beastly Appendage              Transmutation                1
   b - Sticks to Snakes               Transmutation                2
   c - Spider Form                    Transmutation/Poison         3
   d - Ice Form                       Ice/Transmutation            4
   e - Blade Hands                    Transmutation                5


Message History

Welcome back, mudo the Vampire Transmuter.
Unknown command.
The giant gecko bites you.
You closely miss the giant gecko. The giant gecko bites you.
You hit the giant gecko but do no damage.
The giant gecko bites you.
* * * LOW HITPOINT WARNING * * *
You barely miss the giant gecko. The giant gecko barely misses you.
You hit the giant gecko.
The giant gecko is moderately wounded.
The giant gecko misses you.
You barely miss the giant gecko.
The giant gecko is moderately wounded.
The giant gecko bites you.
* * * LOW HITPOINT WARNING * * *
You hit the giant gecko.
You kill the giant gecko!
You barely miss the goblin. The goblin hits you but does no damage.
You miss the goblin. The goblin hits you with a club.
You die...

......?.....# #........#.......#
............###........#..>....##
.......................##........
.......................##.###..##
........%.........%....##.###....
........o..s...........##.#.##.#.
...........####.s......##.#....#.
..........# ##o########.#.####.
.........# #V# #.#.#....
........# #.# #.#.#.### ........
#.# #.#.#.... ###....
#.########.#...... ....
#........#.#......
#...####.#.#......
#...####.#.##.....
#...#....#.##.....
#...#.####.#####..


You could see a giant mite and a goblin.

Action                   || total
-------------------------++-------
Melee: Unarmed           ||    88
  Eat: Corpse            ||     4

Vault maps used:
D:1:      elethiomel_arrival_quiet, feat_on_display

Vanquished Creatures
  2 giant geckos (D:1)
  4 kobolds (D:1)
  5 bats (D:1)
  3 giant cockroaches (D:1)
  A giant newt (D:1)
  A goblin (D:1)
  3 rats (D:1)
19 creatures vanquished.

Table legend:
 A = Kills in this place as a percentage of kills in entire the game.
 B = Kills by you in this place as a percentage of kills by you in the entire game.
 C = Kills by friends in this place as a percentage of kills by friends in the entire game.
 D = Other kills in this place as a percentage of other kills in the entire game.
 E = Experience gained in this place as a percentage of experience gained in the entire game.
 F = Experience gained in this place divided by the number of levels of this place that you have seen.
                   A       B       C       D       E      F
               +-------+-------+-------+-------+-------+----------------------
         Total | 100.0 | 100.0 |  -nan |  -nan | 100.0 |  30.0
       Dungeon | 100.0 | 100.0 |  -nan |  -nan | 100.0 |  30.0
               +-------+-------+-------+-------+-------+----------------------

Table legend:
 A = Turns spent in this place as a percentage of turns spent in the entire game.
 B = Non-inter-level travel turns spent in this place as a percentage of non-inter-level travel turns spent in the entire game.
 C = Inter-level travel turns spent in this place as a percentage of turns spent in this place.
 D = Turns resting spent in this place as a percentage of non-inter-level travel turns spent in this place.
 E = Turns spent auto-exploring this place as a percentage of non-inter-level travel turns spent in this place.
 F = Non-inter-level travel turns spent in this place divided by the number of levels of this place that you've seen.
                   A       B       C       D       E      F
               +-------+-------+-------+-------+-------+----------------------
         Total | 100.0 | 100.0 |   0.0 |   2.5 |   4.8 | 315.0
       Dungeon | 100.0 | 100.0 |   0.0 |   2.5 |   4.8 | 315.0
               +-------+-------+-------+-------+-------+----------------------

Notes
Turn   | Place    | Note
--------------------------------------------------------------
     0 | D:1      | mudo, the Vampire Transmuter, began the quest for the Orb.
     0 | D:1      | Reached XP level 1. HP: 14/14 MP: 3/3
    59 | D:1      | ?
   114 | D:1      | HP: 2/14 [goblin (2)]
   235 | D:1      | ...
   296 | D:1      | Reached XP level 2. HP: 5/20 MP: 4/4
   350 | D:1      | Reached skill level 4 in Unarmed Combat
   795 | D:1      | HP: 4/20 [giant gecko (2)]
   798 | D:1      | Slain by a goblin
